 Dungeon Crawl Stone Soup version 0.27-a0-660-g90476cec82 (webtiles) character file.

Game seed: 8744316693934485142

11764 wakim the Blocker (level 11, -4/97 HPs)
             Began as a Minotaur Fighter on Mar 16, 2021.
             Was a Believer of Makhleb.
             Slain by an orc knight
             ... wielding a +1 glaive of protection
              (28 damage)
             ... in a bailey.
             The game lasted 00:33:31 (13242 turns).

wakim the Blocker (Minotaur Fighter)               Turns: 13242, Time: 00:33:32

Health: -4/97      AC: 19    Str: 24    XL:     11   Next: 53%
Magic:  12/12      EV:  7    Int:  7    God:    Makhleb [**....]
Gold:   633        SH: 19    Dex: 10    Spells: 10/10 levels left

rFire    . . .     SeeInvis .   a - +8 falchion "Syka" {speed, Fragile +Fly rElec Int+2}
rCold    . . .     Faith    .   c - +1 kite shield
rNeg     . . .     Spirit   .   x - +0 plate armour
rPois    .         Reflect  +   (helmet restricted)
rElec    +         Harm     .   m - +0 cloak
rCorr    .         Rampage  .   (no gloves)
Will     +....                  (no boots)
Stlth    ..........             t - amulet of reflection
HPRegen  0.26/turn              v - +4 ring of protection
MPRegen  0.13/turn              u - ring of willpower

@: mighty
A: horns 2, retaliatory headbutt
a: Renounce Religion, Evoke Flight, Minor Destruction


You were in a bailey.
You worshipped Makhleb.
Makhleb was pleased with you.
You visited 2 branches of the dungeon, and saw 11 of its levels.
You also visited: Bailey.

You collected 633 gold pieces.

Inventory:

Hand Weapons
 a - the +8 falchion "Syka" (weapon) {speed, Fragile +Fly rElec Int+2}
   (You found it on level 10 of the Dungeon)

   Attacks with this weapon are significantly faster.
   It affects your intelligence (+2).
   It insulates you from electricity.
   It lets you fly.
   It will be destroyed if unequipped.
 b - a +0 hand crossbow
 f - a +0 morningstar
 o - a +1 rapier of electrocution
Missiles
 g - 4 boomerangs
 B - a throwing net (quivered)
Armour
 c - a +1 kite shield (worn)
 m - a +0 cloak (worn)
 x - a +0 plate armour (worn)
Jewellery
 e - a ring of poison resistance
 k - a +4 ring of protection
 l - a ring of resist corrosion
 t - an amulet of reflection (around neck)
 u - a ring of willpower (left hand)
 v - a +4 ring of protection (right hand)
Wands
 d - a wand of digging (6)
 h - a wand of acid (9)
 i - a wand of iceblast (7)
 j - a wand of polymorph (9)
 q - a wand of flame (35)
Scrolls
 s - 4 scrolls of enchant weapon
 F - a scroll of fog
 K - a scroll of immolation
 V - a scroll of vulnerability
 Y - 5 scrolls of teleportation {@r3}
 Z - 8 scrolls of identify {@r1}
Potions
 A - 5 potions of attraction
 G - 2 potions of ambrosia
 J - 6 potions of curing {@q1}
 L - 4 potions of flight


   Skills:
 + Level 9.6 Fighting
 * Level 3.4 Long Blades
 - Level 6.2(8.3) Axes
 - Level 8.4(9.3) Maces & Flails
 + Level 9.5 Armour
 * Level 12.5 Shields
 * Level 3.4 Invocations
 - Level 5.0 Evocations


You had 10 spell levels left.
You didn't know any spells.
Your spell library contained the following spells:

 Spells                   Type           Power      Damage    Failure   Level
 Corona                   Hex            0%         N/A       100%        1
 Sandblast                Erth           0%         2d4       100%        1
 Shock                    Conj/Air       0%         1d3       100%        1
 Summon Small Mammal      Summ           0%         N/A       100%        1
 Call Imp                 Summ           0%         N/A       100%        2
 Ensorcelled Hibernation  Hex/Ice        0%         N/A       100%        2
 Passwall                 Tmut/Erth      0%         N/A       100%        2
 Swiftness                Air            0%         N/A       100%        2
 Call Canine Familiar     Summ           0%         N/A       100%        3
 Confusing Touch          Hex            0%         N/A       100%        3
 Dazzling Flash           Conj/Hex       0%         N/A       100%        3
 Static Discharge         Conj/Air       0%         N/A       100%        3
 Stone Arrow              Conj/Erth      0%         3d7       100%        3
 Summon Guardian Golem    Hex/Summ       0%         N/A       100%        3
 Tukima's Dance           Hex            0%         N/A       100%        3
 Airstrike                Air            0%         N/A       100%        4
 Petrify                  Tmut/Erth      0%         N/A       100%        4
 Summon Ice Beast         Ice/Summ       0%         N/A       100%        4
 Summon Lightning Spire   Summ/Air       0%         N/A       100%        4
 Irradiate                Conj/Tmut      0%         3d13      100%        5
 Lee's Rapid Deconstruct  Erth           0%         3d5*      100%        5
 Lightning Bolt           Conj/Air       0%         1d11      100%        5
 Hydra Form               Tmut           0%         N/A       100%        6
 Statue Form              Tmut/Erth      0%         N/A       100%        6
 Dragon Form              Tmut           0%         N/A       100%        7


Dungeon Overview and Level Annotations

Branches:
Dungeon (10/15)            Temple (1/1) D:6            Lair (0/6) D:10
    Orc (0/2) D:9          Bailey (1/1)

Altars:
Ashenzari
Cheibriados
Dithmenos
Elyvilon
Fedhas
Gozag
Hepliaklqana
Kikubaaqudgha
Makhleb
Nemelex Xobeh
Okawaru
Qazlal
Ru
Sif Muna
Trog
Uskayaw
Vehumet
Wu Jian
Xom
Yredelemnul
Zin
The Shining One

Shops:
D:9 !:?=


Innate Abilities, Weirdness & Mutations

You have a pair of horns on your head.
You reflexively headbutt those who attack you in melee.


Message History

You slash the orc warrior!
The orc warrior is severely wounded.
You slice the orc warrior!!
You kill the orc warrior!
You hit the orc warrior.
You kill the orc warrior!
You feel better.
You completely miss the orc warrior.
The orc no longer looks unusually strong.
The orc knight hits you from afar with a +1 glaive of protection.
You hit the orc warrior.
The orc warrior is lightly wounded.
The orc warrior hits you with a +0 war axe.
* * * LOW HITPOINT WARNING * * *
You slash the orc warrior!
The orc warrior is moderately wounded.
You closely miss the orc warrior.
The orc warrior is moderately wounded.
The orc warrior hits you with a +0 war axe!
* * * LOW HITPOINT WARNING * * *
The orc knight roars a battlecry!
The orc goes into a battle-frenzy!
You slash the orc warrior!
You kill the orc warrior!
A hobgoblin comes into view. It is wielding a +0 hand axe.
You completely miss the orc.
The hobgoblin shouts!
The orc knight hits you from afar with a +1 glaive of protection.
* * * LOW HITPOINT WARNING * * *
You closely miss the orc warrior.
The orc knight hits you from afar with a +1 glaive of protection!
* * * LOW HITPOINT WARNING * * *
You slash the orc warrior!
The orc warrior is heavily wounded.
The orc knight hits you from afar with a +1 glaive of protection!
* * * LOW HITPOINT WARNING * * *
You closely miss the orc warrior.
You kill the orc warrior!
The orc knight hits you from afar with a +1 glaive of protection!!
You die...

### ♣♣♣ ♣♣ #+#.###
♣.♣♣.♣♣
###.....###♣♣♣.....♣
##.........##......♣♣♣
#...........#........♣
#.....))....'........♣
#.....).....'..∩.∩..♣♣
#.....))...g'.)o.....♣
#...........#o)@....♣♣
###......oo.##.).....♣
#.###.....###♣♣.....♣♣
....#'#.### ♣♣♣♣♣.♣
...)..### ♣♣ o...)).#
....)..# .⌠..)))#
.......#


You could see an orc knight, an orc (strong) and a hobgoblin.

Vanquished Creatures
  An orc warlord (Bailey)
  A two-headed ogre (D:9)
  The ghost of t4s4d4r the Geomancer, a novice DgEE (D:7)
  An orc knight (Bailey)
  The ghost of semitonal the Spear-Bearer, a novice MfGl of Nemelex Xobeh (D:6)
  2 trolls
  A hornet (D:7)
  The ghost of tilp the Insei, an amateur OpTm (D:4)
  Grinder (D:6)
  Eustachio (D:5)
  A wraith (D:10)
  6 yaks (D:9)
  3 wyverns
  The ghost of Nebesus the Cutter, an amateur KoBe of Trog (D:3)
  Edmund (D:4)
  A water moccasin (D:6)
  2 sky beasts
  19 orc warriors
  4 ogres
  3 centaurs
  2 wolves (D:10)
  A phantom (D:6)
  6 bullfrogs
  A gnoll sergeant (D:7)
  A water moccasin zombie (D:7)
  A wyvern skeleton (D:9)
  2 scorpions
  11 killer bees
  An electric eel (D:10)
  5 howler monkeys
  A bullfrog zombie (D:7)
  A gnoll shaman (D:4)
  11 hounds
  9 orc priests
  3 jellies
  3 bullfrog skeletons
  Jessica (D:2)
  An iguana (D:4)
  10 orc wizards
  8 worker ants
  A hound skeleton (D:5)
  Robin (D:2)
  A howler monkey zombie (D:8)
  A worker ant zombie (D:7)
  25 gnolls
  11 adders
  A shadow imp (D:5)
  2 white imps
  3 oozes
  An adder zombie (D:9)
  A worm (D:5)
  2 dart slugs
  A leopard gecko (D:5)
  46 orcs
  4 giant cockroaches
  27 goblins
  17 hobgoblins
  18 jackals
  3 quokkas
  7 bats
  4 frilled lizards
  2 kobolds (D:2)
  A leopard gecko skeleton (D:6)
  A quokka skeleton (D:4)
  6 rats
318 creatures vanquished.

Vanquished Creatures (others)
  An orc wizard (D:8)
  2 withered plants (D:4)
3 creatures vanquished.

Grand Total: 321 creatures vanquished

Notes
Turn   | Place    | Note
-------+----------+-------------------------------------------
     0 | D:1      | wakim the Minotaur Fighter began the quest for the Orb.
     0 | D:1      | Reached XP level 1. HP: 19/19 MP: 0/0
   368 | D:1      | Reached XP level 2. HP: 26/27 MP: 1/1
   460 | D:1      | Reached skill level 4 in Shields
  1058 | D:2      | Noticed Robin
  1070 | D:2      | Reached XP level 3. HP: 31/33 MP: 2/2
  1075 | D:2      | Killed Robin
  1558 | D:2      | Noticed Jessica
  1572 | D:2      | Killed Jessica
  1573 | D:2      | Reached XP level 4. HP: 33/40 MP: 3/3
  1878 | D:2      | Reached skill level 5 in Shields
  1878 | D:2      | Reached XP level 5. HP: 22/47 MP: 4/4
  2622 | D:3      | Found a runed translucent gate.
  2622 | D:3      | Found a runed translucent gate.
  2622 | D:3      | Found a runed translucent gate.
  2623 | D:3      | Noticed Nebesus's ghost (amateur KoBe)
  2737 | D:3      | Found a bloodstained altar of Trog.
  3202 | D:4      | Noticed Edmund
  3287 | D:4      | Reached XP level 6. HP: 40/53 MP: 5/5
  3529 | D:4      | Reached skill level 5 in Axes
  3578 | D:4      | Killed Edmund
  3579 | D:4      | Reached skill level 5 in Fighting
  3579 | D:4      | Reached skill level 6 in Shields
  3704 | D:4      | Reached skill level 5 in Armour
  3871 | D:4      | Found a runed translucent door.
  3871 | D:4      | Noticed tilp's ghost (amateur OpTm)
  4062 | D:4      | Reached XP level 7. HP: 55/61 MP: 6/6
  4500 | D:5      | Entered Level 5 of the Dungeon
  4755 | D:5      | Noticed Eustachio
  4773 | D:5      | Killed Eustachio
  4774 | D:5      | Reached skill level 7 in Shields
  5221 | D:5      | Reached XP level 8. HP: 61/70 MP: 7/7
  5296 | D:5      | Found a sacrificial altar of Ru.
  5299 | D:5      | Found a snail-covered altar of Cheibriados.
  5302 | D:5      | Found a white marble altar of Elyvilon.
  5305 | D:5      | Found an ancient bone altar of Kikubaaqudgha.
  5315 | D:5      | Reached skill level 1 in Evocations
  5543 | D:5      | Reached skill level 8 in Shields
  5917 | D:6      | Found a bloodstained altar of Trog.
  6511 | D:6      | Found a runed translucent door.
  6522 | D:6      | Reached skill level 9 in Shields
  6650 | D:6      | Noticed semitonal's ghost (novice MfGl)
  6812 | D:6      | Noticed Grinder
  6826 | D:6      | Paralysed by Grinder for 4 turns
  6831 | D:6      | Paralysed by Grinder for 7 turns
  6840 | D:6      | Killed Grinder
  6841 | D:6      | Reached skill level 1 in Maces & Flails
  6841 | D:6      | Reached XP level 9. HP: 61/79 MP: 8/8
  6984 | D:6      | Found a shimmering altar of Xom.
  7380 | D:6      | Found a staircase to the Ecumenical Temple.
  7599 | D:3      | Killed Nebesus's ghost
  7689 | D:4      | Killed tilp's ghost
  7854 | D:7      | Identified the +0 robe "Uppen" {rPois rC- Str+4 Dex+3}
  8109 | D:7      | Reached skill level 10 in Shields
  8223 | D:7      | Found a stormy altar of Qazlal.
  8656 | D:7      | Found a runed translucent door.
  8658 | D:7      | Noticed t4s4d4r's ghost (novice DgEE)
  9150 | D:8      | Reached skill level 5 in Maces & Flails
  9252 | D:8      | Reached XP level 10. HP: 44/88 MP: 9/9
 10564 | D:9      | Found Rigoejam's Magic Scroll Shoppe.
 10593 | D:9      | Noticed a two-headed ogre
 10603 | D:9      | Killed a two-headed ogre
 10604 | D:9      | Reached skill level 11 in Shields
 10750 | D:9      | Found the ring of Shadows {Umbra +Inv Stlth+}
 11011 | D:9      | Found Patoot's Jewellery Shoppe.
 11266 | D:9      | Found Afioruv's Book Shoppe.
 11446 | Temple   | Entered the Ecumenical Temple
 11516 | Temple   | Became a worshipper of Makhleb the Destroyer
 11604 | D:6      | Killed semitonal's ghost
 11765 | D:7      | Killed t4s4d4r's ghost
 11984 | D:9      | Reached skill level 5 in Evocations
 12027 | D:9      | Found Tionivat's Distillery.
 12114 | D:9      | Reached XP level 11. HP: 97/97 MP: 10/10
 12348 | D:9      | Found a staircase to the Orcish Mines.
 12382 | D:10     | Entered Level 10 of the Dungeon
 12395 | D:10     | Reached skill level 12 in Shields
 12410 | D:10     | Found a staircase to the Lair.
 12426 | D:10     | Reached skill level 1 in Invocations
 12430 | D:10     | Reached * piety under Makhleb
 12742 | D:10     | Identified the +8 falchion "Syka" {speed, Fragile +Fly
                  | rElec Int+2}
 12919 | D:10     | Found a flagged portal.
 12931 | Bailey   | Entered a bailey
 13089 | Bailey   | Reached skill level 1 in Long Blades
 13098 | Bailey   | Noticed an orc warlord
 13134 | Bailey   | Killed an orc warlord
 13134 | Bailey   | Reached ** piety under Makhleb
 13144 | Bailey   | Noticed an orc knight
 13157 | Bailey   | Killed an orc knight
 13172 | Bailey   | Noticed an orc knight
 13242 | Bailey   | Slain by an orc knight

Illustrated notes

Levels and vault maps discovered:
D:1:      psy_arrival_basics, layout_loops_corners
D:2:      layout_basic, uniq_robin, uniq_jessica
D:3:      layout_basic, ebering_ghost_rock_garden, trog_book
D:4:      layout_loops_cross, gammafunk_ghost_grave, uniq_edmund
D:5:      layout_basic, grunt_temple_overflow_cloverleaf, uniq_eustachio
D:6:      layout_basic, nicolae_overflow_crystal_walls,
          minmay_temple_entry_wispy, basic_altar, ebering_ghost_sewer_d,
          uniq_grinder
D:7:      layout_loops_corners, grunt_qazlal_clouds,
          ebering_ghost_reflecting_pool
D:8:      layout_basic
D:9:      minmay_general_purpose_star, layout_basic, david_orc_4, serial_shops,
          shop, shop_statue, shop, kennysheep_mini
D:10:     layout_loops_corners, erik_lair_island, enter_bailey_2
Temple:   nicolae_temple_x_marks_the_god
Bailey:   bailey_axe_minmay_hex_keep, bailey

Skill      XL: |  1  2  3  4  5  6  7  8  9 10 11 |
---------------+----------------------------------+-----
Shields        | 4 5 6 7 9 10 11 12 | 12.5
Axes           | 3 4 5 6 |  6.2
Fighting       | 4 5 6 7 8 9 |  9.6
Armour         | 4 5 7 8 9 |  9.5
Evocations     | 2 3 5 |  5.0
Maces & Flails | 1 5 8 |  8.4
Invocations    | 3 |  3.4
Long Blades    | 3 |  3.4

Action                   |  1- 3 |  4- 6 |  7- 9 | 10-12 || total
-------------------------+-------+-------+-------+-------++-------
Melee: War axe           |    72 |   126 |   147 |       ||   345
       Headbutt          |    11 |    21 |    66 |    90 ||   188
       Rapier            |       |       |    21 |       ||    21
       Hunting sling     |       |       |     1 |       ||     1
       Morningstar       |       |       |   247 |   275 ||   522
       Falchion          |       |       |       |   145 ||   145
 Fire: Hand crossbow     |       |       |       |     3 ||     3
Throw: Javelin           |     5 |     2 |       |       ||     7
Invok: Minor Destruction |       |       |       |     1 ||     1
Evoke: Wand              |       |       |       |     3 ||     3
  Use: Scroll            |       |       |    16 |     3 ||    19
       Potion            |       |       |     2 |     5 ||     7
Armor: Scale mail        |    38 |    42 |    65 |       ||   145
       Chain mail        |       |       |    89 |    10 ||    99
       Plate armour      |       |       |       |    96 ||    96
Dodge: Dodged            |    15 |    25 |    81 |    56 ||   177
Block: Kite shield       |    50 |   106 |   454 |   433 ||  1043
       Reflection        |     1 |       |     7 |    10 ||    18
       Rpst.: Falchion   |       |       |       |     4 ||     4

Table legend: (Time is in decaauts)
 A = Elapsed time spent in this place.
 B = Non-inter-level travel time spent in this place.
 C = Inter-level travel time spent in this place.
 D = Time resting spent in this place.
 E = Time spent auto-exploring this place.
 F = Levels seen in this place.
 G = Mean time per level.
                   A        B        C        D        E       F      G
               +--------+--------+--------+--------+--------+-----+--------+
         Total |  13503 |  12578 |    925 |      0 |   9876 |  12 | 1125.2 |
       Dungeon |  13143 |  12219 |    924 |      0 |   9818 |  10 | 1314.3 |
        Temple |     80 |     80 |      0 |      0 |      0 |   1 |   80.0 |
        Bailey |    278 |    278 |      0 |      0 |     58 |   1 |  278.0 |
               +--------+--------+--------+--------+--------+-----+--------+

Top non-repeatable levels by time:
     D:6: 1968 daAuts
     D:7: 1781 daAuts
     D:9: 1485 daAuts
     D:5: 1443 daAuts
     D:4: 1332 daAuts
     D:3: 1298 daAuts
     D:2: 1147 daAuts
     D:8: 1077 daAuts
     D:1: 1050 daAuts
    D:10: 558 daAuts
  Bailey: 278 daAuts
  Temple: 80 daAuts
